 Dungeon Crawl Stone Soup version 0.28-a0-194-g42b4daccc1 (webtiles) character file.

Game seed: 3141040987300134248

9 willcat the Sneak (level 2, -4/21 HPs)
             Began as an Octopode Delver on Aug 18, 2021.
             Slain by Eustachio (6 damage)
             ... on level 6 of the Dungeon.
             The game lasted 00:00:34 (279 turns).

willcat the Sneak (Octopode Delver)                  Turns: 279, Time: 00:00:34

Health: -4/21      AC:  1    Str: 11    XL:     2   Next: 16%
Magic:  2/2        EV: 13    Int: 12    God:
Gold:   57         SH:  0    Dex: 13    Spells: 1/1 levels left

rFire   . . .      SeeInvis .   a - +0 short sword
rCold   . . .      Faith    .   (no shield)
rNeg    . . .      Spirit   .   (helmet restricted)
rPois   .          Reflect  .   (no amulet)
rElec   .          Harm     .   (no ring)
rCorr   .          Rampage  .   (no ring)
Will    .....                   (no ring)
Stlth   ++++......              (no ring)
HPRegen 0.07/turn               (no ring)
MPRegen 0.08/turn               (no ring)
                                (no ring)
                                (no ring)

@: hasted, very quick
A: almost no armour, amphibious, 8 rings, camouflage 1, gelatinous body 1,
(nimble swimmer 1), tentacles
a: no special abilities


You were on level 6 of the Dungeon.
You visited 1 branch of the dungeon, and saw 2 of its levels.

You collected 57 gold pieces.

Inventory:

Hand Weapons
 a - a +0 short sword (weapon)
Jewellery
 g - a +6 ring of dexterity
Wands
 f - a wand of digging (3)
Scrolls
 b - a scroll of fog
 c - a scroll of magic mapping
 d - a scroll of fear


   Skills:
 - Level 3.0 Fighting
 + Level 2.3 Short Blades
 + Level 2.2 Dodging
 + Level 6.8 Stealth


You had one spell level left.
You didn't know any spells.
Your spell library was empty.

Dungeon Overview and Level Annotations

Branches:
Dungeon (6/15)
 Temple: D:4-7

Altars:
Yredelemnul

Annotations:
D:6 Eustachio


Innate Abilities, Weirdness & Mutations

You cannot wear most types of armour.
You are amphibious.
You can wear up to eight rings at the same time.
Your skin changes colour to match your surroundings (Stealth+).
Your rubbery body absorbs attacks. (AC +1, EV +1)
((You are camouflaged near water. (Stealth+)))
You have tentacles for arms and can constrict up to eight enemies at once.


Message History

The helpless adder fails to defend itself.
You puncture the adder!
You kill the adder!
You have reached level 2!
You see here an adder corpse.
A wraith comes into view.
Eustachio the Magnificent comes into view.
He is wielding a +0 rapier.
The helpless Eustachio fails to defend himself.
You impale Eustachio!! You grab Eustachio.
Eustachio is heavily wounded.
You constrict Eustachio. Eustachio barely misses you.
Unknown command.
You hit Eustachio but do no damage.
Eustachio is heavily wounded.
You constrict Eustachio, but do no damage.
Eustachio hits you with a +0 rapier!
Unknown command.
You hit Eustachio but do no damage.
Eustachio is heavily wounded.
You constrict Eustachio. Eustachio hits you with a +0 rapier.
Unknown command.
You hit Eustachio but do no damage.
You squeeze Eustachio, but do no damage.
Eustachio is heavily wounded.
You constrict Eustachio. Eustachio misses you.
Unknown command.
You feel yourself speed up.
You constrict Eustachio. Eustachio hits you with a +0 rapier.
* * * LOW HITPOINT WARNING * * *
Unknown command.
You hit Eustachio.
You squeeze Eustachio, but do no damage.
Eustachio is severely wounded.
You constrict Eustachio, but do no damage.
Unknown command.
You hit Eustachio. You squeeze Eustachio.
Eustachio is almost dead.
You constrict Eustachio, but do no damage.
Eustachio hits you with a +0 rapier.
You die...

#.# .... #.# #....
#.# ..W.. #.# ....#
#.# .... #.# ..#
####.#########.####
#@@................
#....####.#########
#....# #.# #.....
#....# #.# #.####
#....# #.# #.# #
#....# #†# #.#
+....# #.####.###
#...## #........#
######.#.#


You could see Eustachio.

Vanquished Creatures
  An adder (D:6)
1 creature vanquished.

Notes
Turn   | Place    | Note
-------+----------+-------------------------------------------
     0 | D:5      | willcat the Octopode Delver began the quest for the Orb.
     0 | D:5      | Reached XP level 1. HP: 16/16 MP: 1/1
    56 | D:5      | Noticed a phantom
   205 | D:6      | Found a basalt altar of Yredelemnul.
   252 | D:6      | Reached XP level 2. HP: 21/21 MP: 2/2
   261 | D:6      | Noticed a wraith
   266 | D:6      | Noticed Eustachio
   279 | D:6      | Slain by Eustachio

Illustrated notes

Levels and vault maps discovered:
D:5:      layout_loops_corners, nicolae_sif_muna_condensation,
          minmay_temple_entry_stoned_glass
D:6:      minmay_opposing_rooms, layout_basic, amcnicky_altar_gilded,
          uniq_eustachio

Action                   || total
-------------------------++-------
Melee: Short sword       ||     7
       Tentacles         ||     3
       Constrict         ||     1
  Use: Potion            ||     1
 Stab: Sleeping          ||     2
Dodge: Dodged            ||     2

Table legend: (Time is in decaauts)
 A = Elapsed time spent in this place.
 B = Non-inter-level travel time spent in this place.
 C = Inter-level travel time spent in this place.
 D = Time resting spent in this place.
 E = Time spent auto-exploring this place.
 F = Levels seen in this place.
 G = Mean time per level.
                   A        B        C        D        E       F      G
               +--------+--------+--------+--------+--------+-----+--------+
         Total |    278 |    278 |      0 |     35 |    174 |   2 |  139.0 |
       Dungeon |    278 |    278 |      0 |     35 |    174 |   2 |  139.0 |
               +--------+--------+--------+--------+--------+-----+--------+

Top non-repeatable levels by time:
     D:6: 201 daAuts
     D:5: 77 daAuts
